PAAA
BAKERSFIELD NOBLES @ PLYMOUTH ROCKS
05/05/2032
 
TOP OF THE 1ST
Bakersfield Nobles batting - Pitching for Plymouth Rocks : LHP Nobuhito Tanaka
Pitching: LHP Nobuhito Tanaka
Batting: RHB Juan Tellado 0-0: Ground out 1-3 (Groundball, P)
Batting: RHB Andrés Rodríguez 0-0: Ball
1-0: Ball
2-0: Ground out 6-3 (Groundball, 6S)
Batting: RHB Yosuke Hayashi 0-0: Foul Ball, location: 2F
0-1: Swinging Strike
0-2: Ball
1-2: Foul Ball, location: 2F
1-2: Ball
2-2: Foul Ball, location: 2F
2-2: Ball
3-2: Foul Ball, location: 2F
3-2: Fly out, F6 (Line Drive, 6M)
Top of the 1st over - 0 runs, 0 hits, 0 errors, 0 left on base; Bakersfield 0 - Plymouth 0
BOTTOM OF THE 1ST
Plymouth Rocks batting - Pitching for Bakersfield Nobles : RHP Lúcio Sánchez
Pitching: RHP Lúcio Sánchez
Batting: RHB Silvio Bonauiti 0-0: Called Strike
0-1: Called Strike
0-2: Ball
1-2: Ball
2-2: Ball
3-2: Base on Balls
Batting: LHB José Castillo 0-0: Ball
Silvio Bonauiti steals 2nd base
1-0: Ball
2-0: Foul Ball, location: 2F
2-1: Ball
3-1: Ground out 6-3 (Groundball, 6)
Silvio Bonauiti to third
Batting: RHB Ernesto Trevino 0-0: SINGLE (Line Drive, 9S)
Silvio Bonauiti scores
Batting: LHB Adrian McCoy 0-0: Ball
1-0: Fly out, F9 (Flyball, 89S)
Batting: RHB Syed Sarkar 0-0: Swinging Strike
0-1: Ball
1-1: Fly out, F7 (Flyball, 78S)
Bottom of the 1st over - 1 run, 1 hit, 0 errors, 1 left on base; Bakersfield 0 - Plymouth 1
TOP OF THE 2ND
Bakersfield Nobles batting - Pitching for Plymouth Rocks : LHP Nobuhito Tanaka
Batting: RHB Brent Ryan 0-0: Called Strike
0-1: Foul Ball, location: 2F
0-2: Fly out, F3 (Line Drive, 3)
Batting: LHB Alberto Enríquez 0-0: Called Strike
0-1: Foul Ball, location: 2F
0-2: Ground out 1-3 (Groundball, 13S)
Batting: RHB Fortunato Rasquinha 0-0: Ball
1-0: Called Strike
1-1: Ground out 6-3 (Groundball, 6)
Top of the 2nd over - 0 runs, 0 hits, 0 errors, 0 left on base; Bakersfield 0 - Plymouth 1
BOTTOM OF THE 2ND
Plymouth Rocks batting - Pitching for Bakersfield Nobles : RHP Lúcio Sánchez
Batting: LHB Kade Eagleton 0-0: Called Strike
0-1: Called Strike
0-2: Ball
1-2: Ball
2-2: Ball
3-2: Foul Ball, location: 2F
3-2: Base on Balls
Batting: LHB Octávio Ontiveros 0-0: Foul Ball, location: 2F
0-1: Foul Ball, location: 2F
0-2: Foul Ball, location: 2F
0-2: Ball
1-2: SINGLE (Groundball, 34D)
Kade Eagleton to second
Batting: SHB Javier Vega 0-0: Called Strike
0-1: SINGLE (Groundball, 25) (infield hit)
Kade Eagleton to third
Octávio Ontiveros to second
Batting: RHB Cosmo Bjorkenheim 0-0: Called Strike
0-1: Called Strike
0-2: Ball
1-2: Grounds into double play, 6-4-3 (Groundball, 6)
Kade Eagleton scores
Octávio Ontiveros to third
Batting: RHB Silvio Bonauiti 0-0: Ball
1-0: Ball
2-0: Called Strike
2-1: Ball
3-1: Foul Ball, location: 2F
3-2: Fly out, F9 (Line Drive, 9)
Bottom of the 2nd over - 1 run, 2 hits, 0 errors, 1 left on base; Bakersfield 0 - Plymouth 2
TOP OF THE 3RD
Bakersfield Nobles batting - Pitching for Plymouth Rocks : LHP Nobuhito Tanaka
Batting: SHB Ray Davis 0-0: Ball
1-0: Foul Ball, location: 2F
1-1: Ball
2-1: Foul Ball, location: 2F
2-2: Ball
3-2: Foul Ball, location: 2F
3-2: Fly out, F2 (Popup, 2RF)
Batting: RHB Cale Sutton 0-0: Called Strike
0-1: Foul Ball, location: 2F
0-2: Ground out 5-3 (Groundball, 5S)
Batting: RHB Mario Blanco 0-0: Called Strike
0-1: Swinging Strike
0-2: Ball
1-2: Ball
2-2: SINGLE (Groundball, 34D)
Batting: RHB Juan Tellado 0-0: Called Strike
0-1: Ball
1-1: Ball
2-1: Called Strike
2-2: SINGLE (Groundball, 34D)
Mario Blanco to second
Runner from 2nd tries for 3rd, SAFE, no throw
Batting: RHB Andrés Rodríguez 0-0: Called Strike
0-1: Ball
1-1: Ball
2-1: Foul Ball, location: 2F
2-2: Ball
Juan Tellado steals 2nd base
3-2: DOUBLE (Groundball, 3L)
Mario Blanco scores
Juan Tellado scores
Batting: RHB Yosuke Hayashi 0-0: Ball
1-0: Foul Ball, location: 2F
1-1: SINGLE (Groundball, 5D)
Andrés Rodríguez to third
Runner from 3rd tries for Home, SAFE, throw made home
Batting: RHB Brent Ryan 0-0: Ball
1-0: Ball
2-0: Fly out, F8 (Flyball, 78D)
Top of the 3rd over - 3 runs, 4 hits, 0 errors, 1 left on base; Bakersfield 3 - Plymouth 2
BOTTOM OF THE 3RD
Plymouth Rocks batting - Pitching for Bakersfield Nobles : RHP Lúcio Sánchez
Batting: LHB José Castillo 0-0: Called Strike
0-1: Ground out 4-3 (Groundball, 4)
Batting: RHB Ernesto Trevino 0-0: Foul Ball, location: 2F
0-1: Foul Ball, location: 2F
0-2: Foul Ball, location: 2F
0-2: Ball
1-2: Fly out, F9 (Line Drive, 9)
Batting: LHB Adrian McCoy 0-0: Called Strike
0-1: Ball
1-1: Ball
2-1: Swinging Strike
2-2: Foul Ball, location: 2F
2-2: Fly out, F5 (Popup, 6S)
Bottom of the 3rd over - 0 runs, 0 hits, 0 errors, 0 left on base; Bakersfield 3 - Plymouth 2
TOP OF THE 4TH
Bakersfield Nobles batting - Pitching for Plymouth Rocks : LHP Nobuhito Tanaka
Batting: LHB Alberto Enríquez 0-0: Ball
1-0: Fly out, F4 (Flyball, 34D)
Batting: RHB Fortunato Rasquinha 0-0: Ball
1-0: Swinging Strike
1-1: Ball
2-1: Ball
3-1: Ground out 6-3 (Groundball, 6MS)
Batting: SHB Ray Davis 0-0: Swinging Strike
0-1: Ground out 4-3 (Groundball, 4)
Top of the 4th over - 0 runs, 0 hits, 0 errors, 0 left on base; Bakersfield 3 - Plymouth 2
BOTTOM OF THE 4TH
Plymouth Rocks batting - Pitching for Bakersfield Nobles : RHP Lúcio Sánchez
Batting: RHB Syed Sarkar 0-0: Ball
1-0: Ball
2-0: Called Strike
2-1: Reached on error, E6 (Groundball, 6)
Batting: LHB Kade Eagleton 0-0: Ball
Balk!
Syed Sarkar to third
1-0: Ball
2-0: Ball
3-0: Base on Balls
Batting: LHB Octávio Ontiveros 0-0: Foul Ball, location: 2F
0-1: Ball
1-1: Foul Ball, location: 2F
1-2: Ground out 6-3 (Groundball, 6M)
Kade Eagleton to second
Batting: SHB Javier Vega 0-0: Called Strike
0-1: Swinging Strike
0-2: Ball
1-2: Ball
2-2: Ground out 6-3 (Groundball, 6M)
Batting: RHB Cosmo Bjorkenheim 0-0: Ball
1-0: Ground out 5-3 (Groundball, 5)
Bottom of the 4th over - 0 runs, 0 hits, 1 error, 2 left on base; Bakersfield 3 - Plymouth 2
TOP OF THE 5TH
Bakersfield Nobles batting - Pitching for Plymouth Rocks : LHP Nobuhito Tanaka
Batting: RHB Cale Sutton 0-0: Called Strike
0-1: Ball
1-1: Foul Ball, location: 2F
1-2: Ball
2-2: Ball
3-2: SINGLE (Groundball, 4MD)
Batting: RHB Mario Blanco 0-0: Ball
1-0: Bunted foul
1-1: Ball
2-1: Sac Bunt - play at first, batter OUT! 1-4
Cale Sutton to second
Batting: RHB Juan Tellado 0-0: Fly out, F8 (Flyball, 8RD)
Batting: RHB Andrés Rodríguez 0-0: Ball
1-0: Ball
2-0: Foul Ball, location: 2F
2-1: Ball
3-1: Base on Balls
Batting: RHB Yosuke Hayashi 0-0: Ground out 5-3 (Groundball, 56S)
Top of the 5th over - 0 runs, 1 hit, 0 errors, 2 left on base; Bakersfield 3 - Plymouth 2
BOTTOM OF THE 5TH
Plymouth Rocks batting - Pitching for Bakersfield Nobles : RHP Lúcio Sánchez
Batting: RHB Silvio Bonauiti 0-0: Called Strike
0-1: Ground out 5-3 (Groundball, 56)
Batting: LHB José Castillo 0-0: Swinging Strike
0-1: Foul Ball, location: 2F
0-2: Foul Ball, location: 2F
0-2: Ball
1-2: Fly out, F7 (Flyball, 7S)
Batting: RHB Ernesto Trevino 0-0: Ball
1-0: Ball
2-0: Ball
3-0: Called Strike
3-1: Foul Ball, location: 2F
3-2: Base on Balls
Batting: LHB Adrian McCoy 0-0: Called Strike
Ernesto Trevino steals 2nd base
0-1: Ball
1-1: Ball
2-1: Ball
3-1: Base on Balls
Batting: RHB Syed Sarkar 0-0: Ball
1-0: Foul Ball, location: 2F
1-1: SINGLE (Groundball, 6MD)
Ernesto Trevino to third
Adrian McCoy to second
Runner from 3rd tries for Home, SAFE, no throw
Pitching: RHP Nésto Gago
Batting: LHB Kade Eagleton 0-0: Called Strike
0-1: Foul Ball, location: 2F
0-2: Ball
1-2: Ball
2-2: Strikes out swinging
Bottom of the 5th over - 1 run, 1 hit, 0 errors, 2 left on base; Bakersfield 3 - Plymouth 3
TOP OF THE 6TH
Bakersfield Nobles batting - Pitching for Plymouth Rocks : LHP Nobuhito Tanaka
Batting: RHB Brent Ryan 0-0: Ball
1-0: Ball
2-0: Ball
3-0: Base on Balls
Batting: LHB Alberto Enríquez 0-0: Called Strike
0-1: Ball
1-1: Ground out 3-1 (Groundball, 3)
Brent Ryan to second
Batting: RHB Fortunato Rasquinha 0-0: Ball
1-0: Foul Ball, location: 2F
1-1: Foul Ball, location: 2F
1-2: Fly out, F7 (Flyball, 7S)
Batting: SHB Ray Davis 0-0: Ball
1-0: Foul Ball, location: 2F
1-1: Foul Ball, location: 2F
1-2: Strikes out swinging
Top of the 6th over - 0 runs, 0 hits, 0 errors, 1 left on base; Bakersfield 3 - Plymouth 3
BOTTOM OF THE 6TH
Plymouth Rocks batting - Pitching for Bakersfield Nobles : RHP Nésto Gago
Batting: LHB Octávio Ontiveros 0-0: Ball
1-0: Ball
2-0: Ball
3-0: Called Strike
3-1: Base on Balls
Batting: SHB Javier Vega 0-0: Bunted foul
0-1: Bunt missed!
0-2: Foul Ball, location: 2F
0-2: Ball
1-2: Foul Ball, location: 2F
1-2: Ball
2-2: 2-RUN HOME RUN (Flyball, 89XD), Distance : 428 ft
Pitching: RHP Rick Converse
Batting: RHB Cosmo Bjorkenheim 0-0: Ball
1-0: Fly out, F4 (Line Drive, 4)
Batting: RHB Silvio Bonauiti 0-0: Called Strike
0-1: Ball
1-1: Ball
2-1: Ground out 5-3 (Groundball, 56)
Batting: LHB José Castillo 0-0: Ball
1-0: Swinging Strike
1-1: Ball
2-1: Foul Ball, location: 2F
2-2: Ball
3-2: Foul Ball, location: 2F
3-2: Base on Balls
Batting: RHB Ernesto Trevino 0-0: Called Strike
Pickoff Throw to First - Out!
Bottom of the 6th over - 2 runs, 1 hit, 0 errors, 0 left on base; Bakersfield 3 - Plymouth 5
TOP OF THE 7TH
Bakersfield Nobles batting - Pitching for Plymouth Rocks : LHP Nobuhito Tanaka
Batting: RHB Cale Sutton 0-0: Ball
1-0: Foul Ball, location: 2F
1-1: Foul Ball, location: 2F
1-2: Foul Ball, location: 2F
1-2: Ball
2-2: SINGLE (Line Drive, 34D)
Batting: RHB Mario Blanco 0-0: Ball
1-0: Called Strike
1-1: Ball
2-1: Ball
3-1: Foul Ball, location: 2F
3-2: Base on Balls
Cale Sutton to second
Pitching: LHP Rio Bavin
Pinch Runner at 2nd Edwin Berns:
Batting: RHB Juan Tellado 0-0: Sac Bunt - play at first, batter OUT! 1-3
Edwin Berns to third
Mario Blanco to second
Batting: RHB Andrés Rodríguez 0-0: Ground out 6-3 (Groundball, 6)
Batting: RHB Yosuke Hayashi 0-0: Ball
1-0: Ball
2-0: Called Strike
2-1: Fly out, F8 (Flyball, 8LS)
Top of the 7th over - 0 runs, 1 hit, 0 errors, 2 left on base; Bakersfield 3 - Plymouth 5
BOTTOM OF THE 7TH
Plymouth Rocks batting - Pitching for Bakersfield Nobles : RHP Rick Converse
Now in CF: Edwin Berns
Batting: RHB Ernesto Trevino 0-0: Ground out 5-3 (Groundball, 56)
Batting: LHB Adrian McCoy 0-0: Ball
1-0: Called Strike
1-1: Ball
2-1: Ball
3-1: Base on Balls
Pitching: LHP José Sánchez
Batting: RHB Syed Sarkar 0-0: Ball
1-0: Ball
2-0: Called Strike
2-1: Foul Ball, location: 2F
2-2: Ball
3-2: DOUBLE (Line Drive, 78D)
Adrian McCoy to third
Batting: LHB Kade Eagleton 0-0: Ball
1-0: Ball
2-0: Called Strike
2-1: Ball
3-1: Swinging Strike
3-2: Base on Balls
Pinch Hitting: SHB Raúl Rodríguez 0-0: Called Strike
0-1: Foul Ball, location: 2F
0-2: Ball
1-2: Strikes out looking
Batting: SHB Javier Vega 0-0: Ball
1-0: Fly out, F7 (Flyball, 78D)
Bottom of the 7th over - 0 runs, 1 hit, 0 errors, 3 left on base; Bakersfield 3 - Plymouth 5
TOP OF THE 8TH
Bakersfield Nobles batting - Pitching for Plymouth Rocks : LHP Rio Bavin
Now at SS: Kazu Hishida
Batting: RHB Brent Ryan 0-0: Ball
1-0: Ball
2-0: Called Strike
2-1: Foul Ball, location: 2F
2-2: Strikes out swinging
Batting: LHB Alberto Enríquez 0-0: Swinging Strike
0-1: Ball
1-1: SOLO HOME RUN (Flyball, 9LD), Distance : 343 ft
Batting: RHB Fortunato Rasquinha 0-0: Ball
1-0: Foul Ball, location: 2F
1-1: Ball
2-1: Ball
3-1: Foul Ball, location: 2F
3-2: Foul Ball, location: 2F
3-2: SINGLE (Groundball, 6MD)
Batting: SHB Ray Davis 0-0: Called Strike
0-1: Called Strike
0-2: Foul Ball, location: 2F
0-2: Grounds into double play, 6-4-3 (Groundball, 6)
Top of the 8th over - 1 run, 2 hits, 0 errors, 0 left on base; Bakersfield 4 - Plymouth 5
BOTTOM OF THE 8TH
Plymouth Rocks batting - Pitching for Bakersfield Nobles : LHP José Sánchez
Batting: RHB Cosmo Bjorkenheim 0-0: Fly out, F6 (Line Drive, 6)
Batting: RHB Silvio Bonauiti 0-0: Called Strike
0-1: Ball
1-1: Ball
2-1: Ball
3-1: Foul Ball, location: 2F
3-2: Base on Balls
Pitching: LHP Fernando Torrez
Batting: LHB José Castillo 0-0: Ball
1-0: Fly out, F8 (Flyball, 8RM)
Batting: RHB Ernesto Trevino 0-0: Fly out, F8 (Flyball, 8RD)
Bottom of the 8th over - 0 runs, 0 hits, 0 errors, 1 left on base; Bakersfield 4 - Plymouth 5
TOP OF THE 9TH
Bakersfield Nobles batting - Pitching for Plymouth Rocks : LHP Rio Bavin
Pitching: RHP Vaugh Chesser
Now at 3B: Luis Guerrero
Now in RF: Jeff Lawson
Pinch Hitting: LHB Edwin Church 0-0: Ball
1-0: Ball
2-0: Ball
3-0: Base on Balls
Pinch Hitting: LHB Ramón Félix 0-0: Bunted foul
0-1: Bunt missed!
0-2: Ground out U3 (Groundball, 3L)
Edwin Church to second
Batting: RHB Juan Tellado 0-0: Called Strike
0-1: Ball
1-1: SINGLE (Groundball, 56D)
Edwin Church to third
Batting: RHB Andrés Rodríguez 0-0: Ball
1-0: Swinging Strike
1-1: Ball
Juan Tellado steals 2nd base
2-1: Ball
3-1: Called Strike
3-2: Foul Ball, location: 2F
3-2: Base on Balls
Batting: RHB Yosuke Hayashi 0-0: Foul Ball, location: 2F
0-1: Foul Ball, location: 2F
0-2: Strikes out looking
Batting: RHB Brent Ryan 0-0: Ball
1-0: Called Strike
1-1: Ball
2-1: Swinging Strike
2-2: Fielders Choice at 2nd, 6-4 (Groundball, 6)
Top of the 9th over - 0 runs, 1 hit, 0 errors, 3 left on base; Bakersfield 4 - Plymouth 5
Wednesday, September 19th, 2018 - OOTP Baseball 18.8 Build 76